 Dungeon Crawl Stone Soup version 0.30.1-4-g462c640d31 (webtiles) character file.

Game seed: 15718086339373489721

88 Gorgoleon the Grave Robber (level 4, -6/30 HPs)
             Began as a Mummy Necromancer on Aug 14, 2023.
             Mangled by Crazy Yiuf
             ... wielding a +3 quarterstaff of chaos
              (11 damage)
             ... on level 2 of the Dungeon on Aug 15, 2023.
             The game lasted 00:06:51 (2247 turns).

Gorgoleon the Grave Robber (Mummy Necromancer)      Turns: 2247, Time: 00:06:52

Health: -6/30      AC:  2    Str: 11    XL:     4   Next: 30%
Magic:  2/8        EV: 12    Int: 16    God:
Gold:   85         SH:  0    Dex: 12    Spells: 4/8 levels left

rFire   x . .        f - +0 whip
rCold   + . .        (no shield)
rNeg    + + +        a - +0 robe
rPois   ∞            (no helmet)
rElec   .            (no cloak)
rCorr   .            (no gloves)
SInv    .            (no boots)
Will    .....        (no amulet)
Stlth   ++           (no ring)
HPRegen 0.25/turn    (no ring)
MPRegen 0.11/turn

%: faith
@: no status effects
A: cold resistance 1, negative energy resistance 3, torment resistance 2, heat
vulnerability 1, in touch with death 1, no potions, faith
a: no special abilities


You were on level 2 of the Dungeon.
You visited 1 branch of the dungeon, and saw 2 of its levels.

You collected 85 gold pieces.

Inventory:

Hand Weapons
 f - a +0 whip (weapon)
Missiles
 c - 2 poisoned darts
Armour
 a - a +0 robe (worn)
Jewellery
 i - a ring of magical power
Scrolls
 b - a scroll of teleportation {unknown}
 d - 2 scrolls of identify {unknown}
 e - a scroll of butterflies {unknown}
 g - a scroll of blinking {unknown}
 h - 2 scrolls of enchant weapon {unknown}
 j - 3 scrolls of fog {unknown}
 k - a scroll of fear {unknown}


   Skills:
 - Level 1.5 Dodging
 - Level 1.5 Stealth
 - Level 2.6 Spellcasting
 + Level 5.8 Necromancy


You had 4 spell levels left.
You knew the following spells:

 Your Spells              Type           Power      Damage    Failure   Level
a - Necrotise             Necr           100%       1d9       1%          1
b - Vampiric Draining     Necr           31%        2d8       5%          3

Your spell library contained the following spells:

 Spells                   Type           Power      Damage    Failure   Level
 Animate Dead             Necr           31%        N/A       17%         4
 Shock                    Conj/Air       8%         1d3       19%         1
 Summon Guardian Golem    Hex/Summ       2%         N/A       50%         3
 Swiftness                Air            2%         N/A       50%         3
 Airstrike                Air            1%         2d(1-17)  88%         4
 Agony                    Necr           31%        N/A       43%         5
 Orb of Destruction       Conj           1%         9d5       100%        7
 Spellforged Servitor     Conj/Summ      1%         N/A       100%        7


Dungeon Overview and Level Annotations

Branches:
Dungeon (2/15)

Altars:

Shops:
D:1 [

Annotations:
D:2 Crazy Yiuf


Innate Abilities, Weirdness & Mutations

You are immune to poison.
Your flesh is cold resistant. (rC+)
You are immune to negative energy. (rN+++)
You are immune to unholy pain and torment.
You are vulnerable to heat. (rF-)
You are in touch with the powers of death.
You do not drink.
You have a special connection with the divine. (Faith)


Message History

You kill the bat!
No target in view!
No target in view!
No target in view!
No target in view!
No target in view!
No target in view!
You see here a bat corpse.
Crazy Yiuf shouts!
Could not explore, unopened runed door.
You open the door.
Crazy Yiuf yells, "Cod light down!"
Casting: Necrotise (safe; 1% risk of failure)
Confirm with . or Enter, or press ? or * to list all spells.
Aiming: Necrotise (safe; 1% risk of failure)
Press: ? - help, Shift-Dir - straight line, f - Crazy Yiuf
Aim: Crazy Yiuf, wielding a +3 quarterstaff of chaos and wearing a +2 cloak (chance to affect: 88%)
You feel a surge of power!
Crazy Yiuf writhes in agony.
Crazy Yiuf barely misses you.
Casting: Necrotise (safe; 1% risk of failure)
Confirm with . or Enter, or press ? or * to list all spells.
Aiming: Necrotise (safe; 1% risk of failure)
Press: ? - help, Shift-Dir - straight line, f/p - Crazy Yiuf
Aim: Crazy Yiuf, wielding a +3 quarterstaff of chaos and wearing a +2 cloak (lightly wounded, chance to affect: 88%)
You feel a surge of power!
Crazy Yiuf writhes in agony.
Crazy Yiuf hits you with a +3 quarterstaff of chaos!
You feel your power leaking away.
Casting: Necrotise (safe; 1% risk of failure)
Confirm with . or Enter, or press ? or * to list all spells.
You don't have enough magic to cast this spell.
You hit Crazy Yiuf.
Crazy Yiuf is moderately wounded.
Crazy Yiuf hits you with a +3 quarterstaff of chaos!
* * * LOW HITPOINT WARNING * * *
Crazy Yiuf burns you.
* * * LOW HITPOINT WARNING * * *
You hit Crazy Yiuf.
Crazy Yiuf is heavily wounded.
Crazy Yiuf hits you with a +3 quarterstaff of chaos!
You die...

..#..........####.........#......
..#........### ########..#..####
###........# #....#..# #
...#.......# ##### ####.#..# #
..###......# #..)# #....#..# #
#..#...###.# #...# ######..# #
.....#.....# ... #.......# #
..#........# #g# #.......# #
.###.#.....# ♣♣@♣ #.########## ##
###.....# ♣.♣♣ #.###.......
.#####.....# ♣♣.♣ #..##.######
..#........# ♣.♣♣ #<.##.######
...........# ♣♣.♣♣ #...........
#..#....#### ♣...♣♣ #.....######
..####...### ♣.P.P♣ #######
..)#.......# ##..##
...)####.#####....######## #


You could see Crazy Yiuf.

Vanquished Creatures
  4 gnolls (D:2)
  An adder (D:1)
  2 bats (D:2)
  3 endoplasms
  2 giant cockroaches (D:1)
  3 hobgoblins (D:1)
  3 jackals (D:1)
  4 kobolds
  3 quokkas (D:1)
  6 ball pythons
  A frilled lizard (D:2)
  A goblin (D:1)
  4 rats (D:1)
37 creatures vanquished.

Vanquished Creatures (collateral kills)
  A goblin (D:2)
  A quokka (D:2)
2 creatures vanquished.

Grand Total: 39 creatures vanquished

Notes
Turn   | Place    | Note
-------+----------+-------------------------------------------
     0 | D:1      | Gorgoleon the Mummy Necromancer began the quest for the
                  | Orb.
     0 | D:1      | Reached XP level 1. HP: 13/13 MP: 4/4
   348 | D:1      | Reached XP level 2. HP: 19/19 MP: 1/5
   965 | D:1      | Found Riohudyrgho's Armour Shop.
  1236 | D:2      | Found a faded altar of an unknown god.
  1273 | D:1      | Reached skill level 5 in Necromancy
  1273 | D:1      | Gained mutation: You are in touch with the powers of death.
                  | [Mummy growth]
  1273 | D:1      | Reached XP level 3. HP: 10/24 MP: 1/7
  1586 | D:2      | Learned a level 3 spell: Vampiric Draining
  1732 | D:2      | Reached XP level 4. HP: 27/30 MP: 3/8
  1939 | D:2      | Found a runed translucent door.
  1940 | D:2      | Noticed Crazy Yiuf
  2247 | D:2      | Mangled by Crazy Yiuf

Illustrated notes

Levels and vault maps discovered:
D:1:      dpeg_arrival_round_a, layout_basic, serial_shops, shop
D:2:      layout_basic, nicolae_ecumenical_snake_handling, minmay_hexomino_p4,
          uniq_crazy_yiuf_cottage

Skill      XL: |  1  2 |
---------------+-------+-----
Necromancy     | 5 |  5.8
Dodging        | |  1.5
Stealth        | |  1.5
Spellcasting   | |  2.6

Action                     |  1- 3 |  4- 6 || total
---------------------------+-------+-------++-------
  Melee: Whip              |    24 |    17 ||    41
         Punch             |       |     1 ||     1
   Cast: Necrotise         |    61 |     5 ||    66
 Armour: Robe              |    15 |     7 ||    22
  Dodge: Dodged            |    37 |    21 ||    58
